 Dungeon Crawl Stone Soup version 0.16.0-18-g484a79e (webtiles) character file.

954 maniek23 the Insei (level 7, -4/56 HPs)
             Began as a Green Draconian Transmuter on Mar 22, 2015.
             Shot with an arrow of dispersal by a centaur (17 damage)
             ... on level 6 of the Dungeon.
             The game lasted 00:25:47 (5824 turns).

maniek23 the Insei (Green Draconian Transmuter)     Turns: 5824, Time: 00:25:49

Health: -4/56      AC:  9    Str: 13    XL:     7   Next: 91%
Magic:  5/14       EV: 14    Int: 18    God:    Xom [.*....]
Gold:   90         SH:  0    Dex: 13    Spells: 4 memorised, 4 levels left

rFire  . . .     SeeInvis .     a - +2 hand axe (freeze)
rCold  . . .     Clarity  .     (armour unavailable)
rNeg   . . .     SustAb   .     (no shield)
rPois  +         Gourm    +     (helmet restricted)
rElec  .         Spirit   .     (no cloak)
rCorr  .         Warding  .     M - +1 pair of gloves
rMut   .         Stasis   .     N - +0 pair of boots
MR     .....                    q - amulet of the gourmand
Stlth  +.........               (no ring)
                                u - ring of flight

@: brilliant, not resistant to hostile enchantments, very unstealthy
A: breathe noxious fumes, unfitting armour, poison resistance, cold-blooded, AC
+6
a: Breathe Noxious Fumes, Renounce Religion, Evoke Flight


You were on level 6 of the Dungeon.
You worshipped Xom.
You were a plaything of Xom.
You were not hungry.

You visited 2 branches of the dungeon, and saw 7 of its levels.

You collected 242 gold pieces.
You spent 152 gold pieces at shops.

Inventory:

Hand weapons
 a - a +2 hand axe of freezing (weapon)
 k - a cursed -3 dagger
 o - a +2 dagger of venom
 t - a +4 short sword
Missiles
 b - 107 arrows
Armour
 M - a +1 pair of gloves (worn)
 N - a +0 pair of boots (worn)
Magical staves
 z - an uncursed staff of cold
Jewellery
 q - an amulet of the gourmand (around neck)
 u - a ring of flight (left hand)
Magical devices
 w - a wand of hasting (6)
 F - a wand of draining (5)
 J - a wand of paralysis (14)
 L - a wand of hasting (1)
Scrolls
 e - 5 scrolls of remove curse {unknown}
 j - 4 scrolls of teleportation {unknown}
 m - 4 scrolls of random uselessness {unknown}
 p - 3 scrolls of fear {unknown}
 r - 2 scrolls of recharging {unknown}
 s - 3 scrolls of identify {unknown}
 v - 3 scrolls of noise {unknown}
 y - 2 scrolls of amnesia {unknown}
 D - a scroll of fog {unknown}
 E - a scroll of enchant weapon {unknown}
 H - a scroll of magic mapping {unknown}
Potions
 c - 2 potions of might {unknown}
 g - 3 potions of poison {unknown}
 i - 4 potions of curing {unknown}
 l - 3 potions of ambrosia {unknown}
 n - 2 potions of brilliance {unknown}
 x - a potion of haste {unknown}
 G - a potion of restore abilities {unknown}
 I - a potion of resistance {unknown}
 P - a potion of agility {unknown}
Books
 d - a book of Changes

   Spells                             Type                      Level
   a - Beastly Appendage              Transmutation                1
   b - Sticks to Snakes               Transmutation                2
   c - Spider Form                    Transmutation/Poison         3
   d - Ice Form                       Ice/Transmutation            4
   e - Blade Hands                    Transmutation                5
 B - a book of Frost

   Spells                             Type                      Level
   a - Freeze                         Ice                          1
   b - Throw Frost                    Conjuration/Ice              2
   c - Ozocubu's Armour               Charms/Ice                   3
   d - Throw Icicle                   Conjuration/Ice              4
   e - Summon Ice Beast               Ice/Summoning                4
   f - Condensation Shield            Ice                          4
Comestibles
 f - 4 fruits
 h - 5 bread rations
 A - 3 meat rations
 C - 2 beef jerkies
 K - a slice of pizza
 O - a royal jelly
 Q - 2 chunks of flesh


   Skills:
 + Level 2.6 Fighting
 + Level 2.2 Axes
 + Level 4.4 Dodging
 + Level 0.6 Stealth
 * Level 5.0 Unarmed Combat
 + Level 3.0 Spellcasting
 + Level 1.1 Conjurations
 * Level 4.5 Transmutations
 + Level 1.4 Ice Magic
 * Level 1.4 Poison Magic


You had 4 spell levels left.
You knew the following spells:

 Your Spells              Type           Power        Failure   Level  Hunger
a - Beastly Appendage     Trmt           ####..       1%          1    None
b - Sticks to Snakes      Trmt           ####......   1%          2    ##.....
c - Throw Frost           Conj/Ice       ###...       1%          2    ##.....
d - Spider Form           Trmt/Pois      ###.......   2%          3    ###....


Dungeon Overview and Level Annotations

Branches:
Dungeon (6/15)             Temple (1/1) D:5

Altars:
Ashenzari
Cheibriados
Dithmenos
Elyvilon
Fedhas
Gozag
Kikubaaqudgha
Makhleb
Nemelex Xobeh
Okawaru
Qazlal
Ru
Sif Muna
Trog
Vehumet
Xom
Yredelemnul
Zin
The Shining One

Shops:
D:4 [

Annotations:
D:4 Grinder


Innate Abilities, Weirdness & Mutations

You can breathe blasts of noxious fumes.
Your lurid green scales are hard (AC +6).
Your body does not fit into most forms of armour.
Your system is resistant to poisons.
Your cold-blooded metabolism reacts poorly to cold.


Message History

Xom's attention turns to you for a moment.
The world around you seems to dim momentarily.
The centaur shoots an arrow of dispersal.
The arrow of dispersal misses you. The ice beast completely misses you.
The centaur shoots an arrow of dispersal.
The arrow of dispersal hits you!
You blink.
The centaur shoots an arrow of dispersal.
The arrow of dispersal completely misses you.
The centaur shoots an arrow of dispersal.
The arrow of dispersal hits you!
* * * LOW HITPOINT WARNING * * *
You blink. "This might be better!"
You swap places with the ice beast.
The ice beast looks rather confused.
Xom is amused.
The ice beast hits itself.
The centaur shoots an arrow of dispersal.
The arrow of dispersal hits you!
You die...
Xom cackles wildly!

#.# #.#. #.# #.#.
#.# #.#.#########
#.# #.#.........#
##.###
#.#%.Y......#
#....#
##'#...........
####.#
#####§.....#.#####
#.# #..........#.#
#.# #..?.@.....# .
#.# #..c..)#+###
.# #.# #......# #
#.# #......#
#.######......#
#......'..†...#
########.....##
#######


You could see an ice beast (confused) and a centaur.

Vanquished Creatures
  A hungry ghost (D:5)
  A centaur (D:5)
  Duvessa (D:4)
  A hound (D:4)
  2 crimson imps (D:5)
  A jelly (D:5)
  4 worker ants
  2 orc priests (D:4)
  2 orc wizards (D:4)
  Ijyb (D:4)
  A hound skeleton (D:4)
  4 gnolls (D:5)
  6 adders
  A shadow imp (D:5)
  A river rat (D:4)
  2 giant mites
  A worm (D:2)
  2 giant geckos
  An ooze (D:1)
  12 orcs
  8 bats
  A bat skeleton (D:5)
  10 giant cockroaches
  9 hobgoblins
  7 jackals
  A quokka (D:6)
  A giant gecko skeleton (D:4)
  4 giant newts
  2 gnoll zombies (D:3)
  9 goblins
  5 kobolds
  11 rats
115 creatures vanquished.

Vanquished Creatures (collateral kills)
  Edmund (D:4)
  Dowan (D:4)
  3 orcs (D:4)
  A hobgoblin (D:4)
  A goblin (D:6)
7 creatures vanquished.

Grand Total: 122 creatures vanquished

Notes
Turn   | Place    | Note
--------------------------------------------------------------
     0 | D:1      | maniek23, the Draconian Transmuter, began the quest for the Orb.
     0 | D:1      | Reached XP level 1. HP: 16/16 MP: 3/3
   293 | D:1      | Reached XP level 2. HP: 23/23 MP: 4/4
  1149 | D:2      | Reached XP level 3. HP: 21/28 MP: 6/6
  1289 | D:2      | Learned a level 2 spell: Sticks to Snakes
  2221 | D:3      | Reached XP level 4. HP: 35/35 MP: 7/7
  2258 | D:3      | Learned a level 2 spell: Throw Frost
  2396 | D:3      | Found a basalt altar of Yredelemnul.
  2712 | D:4      | Noticed Grinder
  2765 | D:4      | Noticed Ijyb
  2784 | D:4      | Killed Ijyb
  2784 | D:4      | Reached XP level 5. HP: 37/41 MP: 5/9
  2829 | D:4      | Reached skill level 4 in Unarmed Combat
  2912 | D:4      | HP: 1/41 [orc priest/divine providence (14)]
  3336 | D:4      | Reached skill level 1 in Axes
  3421 | D:4      | Noticed Edmund
  3435 | D:4      | Killed Edmund
  3435 | D:4      | Reached skill level 1 in Ice Magic
  3435 | D:4      | Reached XP level 6. HP: 12/48 MP: 1/11
  3926 | D:4      | Noticed Duvessa
  3939 | D:4      | Killed Duvessa
  3940 | D:4      | Noticed Dowan
  3943 | D:4      | Paralysed by Grinder for 4 turns
  3962 | D:4      | Killed Dowan
  4292 | D:3      | Learned a level 3 spell: Spider Form
  4417 | D:4      | Found Xeopt's Antique Armour Boutique.
  4420 | D:4      | Bought a pair of embroidered gloves for 76 gold pieces
  4420 | D:4      | Bought a pair of boots for 76 gold pieces
  4497 | D:4      | Your scales start taking on a lurid green colour.
  4497 | D:4      | Gained mutation: Your system is resistant to poisons. [draconian maturity]
  4497 | D:4      | Reached XP level 7. HP: 18/55 MP: 4/13
  4644 | D:5      | Entered Level 5 of the Dungeon
  5174 | D:5      | Reached skill level 1 in Poison Magic
  5193 | D:5      | Reached skill level 1 in Conjurations
  5257 | D:5      | Found a staircase to the Ecumenical Temple.
  5284 | D:5      | Reached skill level 5 in Unarmed Combat
  5307 | Temple   | Entered the Ecumenical Temple
  5582 | Temple   | Became a worshipper of Xom of Chaos
  5801 | D:6      | XOM: potion effect (brilliance)
  5820 | D:6      | XOM: harmless Necr miscast
  5824 | D:6      | XOM: swap monsters
  5824 | D:6      | Shot with an arrow of dispersal by a centaur

Action                   |  1- 3 |  4- 6 |  7- 9 || total
-------------------------+-------+-------+-------++-------
Melee: Unarmed           |    12 |       |       ||    12
       Hand axe          |   122 |   121 |   133 ||   376
 Cast: Beastly Appendage |     2 |     7 |     4 ||    13
       Throw Frost       |       |    11 |    10 ||    21
       Sticks to Snakes  |       |    12 |     6 ||    18
 Abil: Breathe Noxious F |       |       |     2 ||     2
 Stab: Sleeping          |       |     1 |       ||     1
       Distracted        |       |     1 |       ||     1
  Eat: Chunk             |     3 |    10 |     5 ||    18
       Fruit             |       |       |     3 ||     3
       Beef jerky        |       |       |     1 ||     1
